 Dungeon Crawl Stone Soup version 0.28.0-43-g3370ac3207 (webtiles) character file.

Game seed: 12641138442052831822

25 experimilk the Cudgeller (level 2, -1/23 HPs)
             Began as a Palentonga Warper on Mar 19, 2022.
             Succumbed to an adder's poison
             ... on level 2 of the Dungeon.
             The game lasted 00:03:06 (1966 turns).

experimilk the Cudgeller (Palentonga Warper)        Turns: 1966, Time: 00:03:07

Health: -1/23      AC:  4    Str: 14    XL:     2   Next: 82%
Magic:  5/5        EV:  9    Int: 13    God:
Gold:   88         SH:  0    Dex:  9    Spells: 3/5 levels left

rFire   . . .      SeeInvis +   a - +0 mace
rCold   . . .      Faith    .   (no shield)
rNeg    . . .      Spirit   .   b - +0 leather armour
rPois   .          Reflect  .   (no helmet)
rElec   .          Harm     .   (no cloak)
rCorr   .          Rampage  .   (no gloves)
Will    .....                   (no barding)
Stlth   +.........              e - amulet of magic regeneration
HPRegen 0.07/turn               (no ring)
MPRegen 0.49/turn               (no ring)

@: lethally poisoned (-1 -> -10)
A: large, rugged brown scales 3, see invisible, deformed body, roll 1, armoured
tail
a: Rolling Charge


You were on level 2 of the Dungeon.
You visited 1 branch of the dungeon, and saw 2 of its levels.

You collected 88 gold pieces.

Inventory:

Hand Weapons
 a - a +0 mace (weapon)
 k - a +0 arbalest
Missiles
 d - a boomerang of dispersal (quivered)
Armour
 b - a +0 leather armour (worn)
Jewellery
 e - an amulet of magic regeneration (around neck)
Scrolls
 c - a scroll of blinking
 f - a scroll of amnesia {unknown}
 h - a scroll of enchant armour {unknown}
 i - a scroll of noise {unknown}
 l - a scroll of teleportation {unknown}
 m - a scroll of identify {unknown}
Potions
 g - a potion of resistance {unknown}
 j - a potion of ambrosia {unknown}


   Skills:
 - Level 2.0 Fighting
 + Level 3.1 Maces & Flails
 - Level 0.6 Throwing
 - Level 0.7 Armour
 - Level 1.9 Dodging
 - Level 2.0 Spellcasting
 - Level 3.0 Translocations


You had 3 spell levels left.
You knew the following spells:

 Your Spells              Type           Power      Damage    Failure   Level
a - Blink                 Tloc           18%        N/A       14%         2

Your spell library contained the following spells:

 Spells                   Type           Power      Damage    Failure   Level
 Gell's Gravitas          Tloc           9%         N/A       28%         3
 Lesser Beckoning         Tloc           9%         N/A       28%         3
 Teleport Other           Tloc           9%         N/A       28%         3
 Manifold Assault         Tloc           9%         N/A       95%         5


Dungeon Overview and Level Annotations

Branches:
Dungeon (2/15)

Altars:


Innate Abilities, Weirdness & Mutations

You are completely covered in rugged brown scales. (AC +3, +7% HP)
You have supernaturally acute eyesight. (SInv)
Armour fits poorly on your strangely shaped body.
You can roll at nearby foes to attack.
You have a long armoured tail.


Message History

You barely miss the adder. The adder bites you. x2
You are poisoned.
The adder poisons you!
Casting: Blink (safe; 14% risk of failure)
Confirm with . or Enter, or press ? or * to list all spells.
You blink.
You feel sick.
You closely miss the adder.
You feel sick. The adder bites you.
Throw: 5 boomerangs (disperse)
Press: ? - help, Q - select action, (/) - cycle Shift-Dir - straight line, f/p - adder
Aim: an adder (32% to hit)
You throw a boomerang of dispersal.
The boomerang of dispersal closely misses the adder.
You feel sick. The adder barely misses you. The adder bites you.
You are lethally poisoned!
The adder poisons you!
Throw: 4 boomerangs (disperse)
Press: ? - help, Q - select action, (/) - cycle Shift-Dir - straight line, f/p - adder
Aim: an adder (32% to hit)
You throw a boomerang of dispersal.
The boomerang of dispersal closely misses the adder.
You feel very sick. The adder bites you but does no damage.
The adder bites you.
* * * LOW HITPOINT WARNING * * *
You are more poisoned.
The adder poisons you!
Throw: 3 boomerangs (disperse)
Press: ? - help, Q - select action, (/) - cycle Shift-Dir - straight line, f/p - adder
Aim: an adder (32% to hit)
You throw a boomerang of dispersal.
The boomerang of dispersal barely misses the adder.
You feel stable enough to blink again.
* * * LOW HITPOINT WARNING * * *
You feel very sick. The adder closely misses you.
Throw: 2 boomerangs (disperse)
Press: ? - help, Q - select action, (/) - cycle Shift-Dir - straight line, f/p - adder
Aim: an adder (32% to hit)
You throw a boomerang of dispersal.
The boomerang of dispersal closely misses the adder.
You die...

#.#########
#.........#
#.#######.#
#.#.......#
#.#.##############
#.#.#.............
#.#....##>........
#S###..##.########
#@##...##.#
#.##..###.#
#.##..# #.#
#.##..# #.#
#.##... #.########
#.##..#.#.....[...
#.###.#.##.....#.#
#....... #.....#.#
#####.####.....#.#


You could see an adder.

Vanquished Creatures
  3 endoplasms
  4 goblins (D:1)
  2 hobgoblins
  3 jackals (D:1)
  4 ball pythons
  2 frilled lizards
  2 kobolds (D:2)
  A rat (D:1)
21 creatures vanquished.

Notes
Turn   | Place    | Note
-------+----------+-------------------------------------------
     0 | D:1      | experimilk the Palentonga Warper began the quest for the
                  | Orb.
     0 | D:1      | Reached XP level 1. HP: 17/17 MP: 3/3
   328 | D:1      | Reached XP level 2. HP: 23/23 MP: 5/5
   331 | D:1      | Learned a level 2 spell: Blink
  1644 | D:2      | Found a faded altar of an unknown god.
  1965 | D:2      | HP: 1/23 [poisoned by an adder]
  1966 | D:2      | Succumbed to an adder's poison

Illustrated notes

Levels and vault maps discovered:
D:1:      erik_arrival_orb_chamber, layout_loops_ring
D:2:      layout_basic, nicolae_ecumenical_lake_church

Skill      XL: |  1  2 |
---------------+-------+-----
Maces & Flails | 3 |  3.1
Fighting       | |  2.0
Throwing       | |  0.6
Armour         | |  0.7
Dodging        | |  1.9
Spellcasting   | |  2.0
Translocations | |  3.0

Action                   || total
-------------------------++-------
Melee: Mace              ||    54
       Tailslap          ||     4
Throw: Boomerang         ||     4
 Cast: Blink             ||     1
 Abil: Rolling Charge    ||     7
Armor: Leather armour    ||    23
Dodge: Dodged            ||    29
